 Dungeon Crawl Stone Soup version 0.31.0-4-g52a2dc7128 (webtiles) character file.

Game seed: 8612949262202421423

17 Gottschkopf the Trooper (level 2, 28/28 HPs)
             Began as a Minotaur Fighter on Jan 22, 2024.
             Quit the game on level 1 of the Dungeon.
             The game lasted 00:01:02 (204 turns).

Gottschkopf the Trooper (Minotaur Fighter)           Turns: 204, Time: 00:01:03

Health: 28/28      AC:  7    Str: 20    XL:     2   Next: 44%
Magic:  1/1        EV:  9    Int:  5    God:
Gold:   0          SH:  4    Dex:  9    Spells: 1/1 levels left

rFire   . . .        a - +0 long sword
rCold   . . .        c - +0 buckler
rNeg    . . .        b - +0 scale mail
rPois   .            (helmet restricted)
rElec   .            (no cloak)
rCorr   .            (no gloves)
SInv    .            (no boots)
Will    .....        (no amulet) Stlth
                     (no ring)
HPRegen 0.24/turn    (no ring)
MPRegen 0.07/turn

%: no passive effects
@: no status effects
A: horns 2, retaliatory headbutt
a: no special abilities


You were on level 1 of the Dungeon.
You visited 1 branch of the dungeon, and saw 1 of its levels.

Inventory:

Hand Weapons
 a - a +0 long sword (weapon)
Armour
 b - a +0 scale mail (worn)
 c - a +0 buckler (worn)
Potions
 d - a potion of might
 e - a potion of curing {unknown}
 f - a potion of mutation {unknown}
 g - a potion of brilliance {unknown}


   Skills:
 * Level 4.4 Fighting
 - Level 2.4 Long Blades
 + Level 4.0 Armour
 - Level 3.6 Shields


You had one spell level left.
You didn't know any spells.
Your spell library was empty.

Dungeon Overview and Level Annotations

Branches:
Dungeon (1/15)

Altars:
Sif Muna


Innate Abilities, Weirdness & Mutations

You have a pair of horns on your head.
You reflexively headbutt those who attack you in melee.


Message History

A kobold comes into view. It is wielding a +0 whip of venom.
You closely miss the giant cockroach.
Your headbutt misses the giant cockroach.
The giant cockroach closely misses you.
The giant cockroach bites you but does no damage.
You hit the giant cockroach.
You kill the giant cockroach!
The rat closely misses you. The rat bites you but does no damage.
Your Armour skill increases to level 4!
You hit the rat.
You kill the rat!
You see here a rat corpse.
You hit the kobold. Your headbutt misses the kobold.
The kobold is severely wounded.
The kobold barely misses you.
You hit the kobold but do no damage.
The kobold is severely wounded.
You block the kobold's attack.
You hit the kobold.
You kill the kobold!
A hobgoblin comes into view.
You block the hobgoblin's attack.
You hit the hobgoblin.
The hobgoblin is severely wounded.
A bat comes into view.
The hobgoblin hits you but does no damage.
You closely miss the hobgoblin.
The hobgoblin is severely wounded.
The hobgoblin hits you but does no damage.
You hit the hobgoblin.
You kill the hobgoblin!
The bat hits you but does no damage.
You closely miss the bat. The bat hits you. The bat closely misses you.
You completely miss the bat. The bat hits you but does no damage. x2
You slash the bat!
You kill the bat!
No target in view!
You see here a bat corpse.
You see here a +0 whip of venom.
Are you sure you want to abandon this character and quit the game? (Confirm with "yes".)

#.#.# ##### .. #.#.#
#........ ##
#...###.###........#.. #
#.#.............$.... .#
#.#####..##.........##. #
#.# #.........##.#.#..#..
#.####.........##....#...#
#.#................#...#
#.#.#..........@.#...#
...#.#......>...†.†.#
...#.#...........†#...#
...#.#.#.....#......#...#
...#.#......##....#...#...#
...#.#.......####..!#...#..
...#.#.......# #.#...#. #
...#.........# #...#...#
...#...#.#.#.# #.....#..


There were no monsters in sight!

Vanquished Creatures
  A ball python (D:1)
  4 endoplasms (D:1)
  2 giant cockroaches (D:1)
  2 hobgoblins (D:1)
  2 kobolds (D:1)
  2 bats (D:1)
  A frilled lizard (D:1)
  A rat (D:1)
15 creatures vanquished.

Notes
Turn   | Place    | Note
-------+----------+-------------------------------------------
     0 | D:1      | Gottschkopf the Minotaur Fighter began the quest for the
                  | Orb.
     0 | D:1      | Reached XP level 1. HP: 19/19 MP: 0/0
   110 | D:1      | Found a faded altar of an unknown god.
   134 | D:1      | Prayed at the altar of an unknown god.
   134 | D:1      | Became a worshipper of Sif Muna the Loreminder
   134 | D:1      | Reached * piety under Sif Muna
   136 | D:1      | Reached XP level 2. HP: 26/27 MP: 1/1
   140 | D:1      | Fell from the grace of Sif Muna
   204 | D:1      | Quit the game

Illustrated notes

Levels and vault maps discovered:
D:1:      lemuel_arrival_behind_the_door_large, layout_basic,
          basic_ecumenical_altar, hex_medium

Skill      XL: |  1  2 |
---------------+-------+-----
Fighting       | 4 |  4.4
Armour         | 4 |  4.0
Long Blades    | |  2.4
Shields        | |  3.6

Action                     || total
---------------------------++-------
  Melee: Long sword        ||    31
         Headbutt          ||     3
 Invoke: Renounce Religion ||     1
 Armour: Scale mail        ||    26
  Dodge: Dodged            ||    22
  Block: Buckler           ||     9
